 Dungeon Crawl Stone Soup version 0.30-a0-939-gc8157cb160 (webtiles) character file.

Game seed: 7728204334579963998

259 pokeman the Magician (level 5, -3/29 HPs)
             Began as a Deep Elf Hedge Wizard on Mar 25, 2023.
             Slain by a lemure (7 damage)
             ... led by Pikel
             ... on level 4 of the Dungeon.
             The game lasted 00:05:58 (4566 turns).

pokeman the Magician (Deep Elf Hedge Wizard)        Turns: 4566, Time: 00:05:58

Health: -3/29      AC:  8    Str:  7    XL:     5   Next: 94%
Magic:  1/16       EV: 13    Int: 21    God:
Gold:   193        SH:  0    Dex: 14    Spells: 9/17 levels left

rFire   + . .      SeeInvis .    a - +0 dagger
rCold   . . .      Faith    .    (no shield)
rNeg    . . .      Spirit   .    e - +2 robe {rF+}
rPois   .          Reflect  .    c - +0 hat
rElec   .          Rampage  .    u - +2 cloak
rCorr   .                        (no gloves)
Will    .....                    k - +0 pair of boots
Stlth   ++                       (no amulet)
HPRegen 0.24/turn                (no ring)
MPRegen 0.15/turn                (no ring)

@: very slightly contaminated
A: no striking features
a: no special abilities


You were on level 4 of the Dungeon.
You visited 1 branch of the dungeon, and saw 4 of its levels.

You collected 193 gold pieces.

Inventory:

Hand Weapons
 a - a +0 dagger (weapon)
Missiles
 t - 4 curare-tipped darts
Armour
 c - a +0 hat (worn)
 e - a +2 robe of fire resistance (worn)
 k - a +0 pair of boots (worn)
 l - a +0 buckler
 s - an orb of mayhem
 u - a +2 cloak (worn)
Jewellery
 i - an amulet of guardian spirit
Wands
 p - a wand of flame (10)
Scrolls
 b - 3 scrolls of teleportation {unknown}
 g - a scroll of immolation {unknown}
 h - 2 scrolls of blinking {unknown}
 j - 6 scrolls of identify {unknown}
 m - a scroll of noise {unknown}
 r - a scroll of enchant armour {unknown}
Potions
 d - a potion of magic
 f - 2 potions of brilliance {unknown}
 n - 2 potions of curing {unknown}
 o - a potion of flight {unknown}
 q - 2 potions of ambrosia {unknown}


   Skills:
 - Level 1.0 Fighting
 - Level 1.0 Armour
 - Level 3.0 Dodging
 - Level 3.0 Stealth
 - Level 1.1 Shields
 * Level 6.6 Spellcasting
 + Level 3.0 Conjurations
 - Level 1.1 Summonings
 - Level 1.1 Translocations
 + Level 0.4 Air Magic
 + Level 0.4 Poison Magic


You had 9 spell levels left.
You knew the following spells:

 Your Spells              Type           Power      Damage    Failure   Level
a - Magic Dart            Conj           76%        1d6       2%          1
b - Mephitic Cloud        Conj/Pois/Air  12%        N/A       16%         3
c - Call Imp              Summ           11%        N/A       9%          2
d - Blink                 Tloc           22%        N/A       9%          2

Your spell library contained the following spells:

 Spells                   Type           Power      Damage    Failure   Level
 Slow                     Hex            24%        N/A       10%         1
 Cigotuvi's Dreadful Rot  Necr/Pois/Air  16%        N/A       12%         2
 Sublimation of Blood     Necr           6%         N/A       14%         2
 Petrify                  Tmut/Erth      6%         N/A       67%         4
 Irradiate                Conj/Tmut      6%         3d13      80%         5


Dungeon Overview and Level Annotations

Branches:
Dungeon (4/15)
 Temple: D:4-7

Altars:
Ru

Shops:
D:1 ?

Annotations:
D:3 3 runed translucent doors, Sobieck's ghost, amateur SpEE
D:4 Pikel


Message History

The lemure hits your crimson imp!
Pikel misses the lemure.
Your crimson imp hits the lemure but does no damage.
The lemure hits your crimson imp!
Your crimson imp dies!
Your crimson imp disappears in a puff of smoke!
Pikel hits something with a +1 whip of freezing!
Pikel freezes something.
Casting: Mephitic Cloud (quite dangerous; 16% risk of failure)
Confirm with . or Enter, or press ? or * to list all spells.
The spell is quite dangerous to miscast (16% risk of failure)!
Continue anyway?
Aiming: Mephitic Cloud (quite dangerous; 16% risk of failure)
Press: ? - help, Shift-Dir - straight line, f/p - lemure
Aim: a lemure (moderately wounded, chance to affect: 77%)
You miscast Mephitic Cloud.
You are very lightly contaminated with residual magic.
Nothing appears to happen.
Unknown command.
Casting: Mephitic Cloud (quite dangerous; 16% risk of failure)
Confirm with . or Enter, or press ? or * to list all spells.
The spell is quite dangerous to miscast (16% risk of failure)!
Continue anyway?
Aiming: Mephitic Cloud (quite dangerous; 16% risk of failure)
Press: ? - help, Shift-Dir - straight line, f/p - lemure
Aim: a lemure (moderately wounded, chance to affect: 77%)
You miscast Mephitic Cloud.
Nothing appears to happen.
The lemure attacks as you move away! The lemure hits you.
* * * LOW HITPOINT WARNING * * *
The lemure attacks as you move away! The lemure hits you but does no damage.
Pikel seems less confused.
Pikel says, "You'll make a fine lemure."
The lemure closely misses you. The lemure attacks as you move away!
The lemure misses you.
Casting: Mephitic Cloud (quite dangerous; 16% risk of failure)
Confirm with . or Enter, or press ? or * to list all spells.
A shadowy apparition takes form in the air.
The lemure hits you but does no damage. The lemure attacks as you move away!
The lemure closely misses you.
Your shadow imp hits the lemure but does no damage.
The lemure attacks as you move away! The lemure hits you!
You die...

#.###5##.# #>.#.###### #
#.#.###.# #..#......# #5##
#.# #..######.########
.....)..# #.# #..#
#......... ######### #.#
#..# #.######## #5# #.># #.#
#K# #..# #.# #.# #..# #.#
#.# #@.# #.##### #.# #5)#
#.....##
#.###..######.##.#.###
.######.5.5)).........###...
........####.####.#.##.#.###
.########....# #.#...†.....
#.#### #.#####.#### #.# #.#
#.# #.# #.# #.#


You could see a lemure (ally target) and a friendly shadow imp (summoned).

Vanquished Creatures
  A hound (D:3)
  An orc priest (D:4)
  2 orc wizards (D:4)
  7 adders
  3 dart slugs
  3 orcs
  9 endoplasms
  3 giant cockroaches
  4 goblins
  6 hobgoblins
  7 jackals (D:4)
  2 quokkas (D:1)
  6 ball pythons
  6 bats
  4 frilled lizards
  7 kobolds
  5 rats
76 creatures vanquished.

Vanquished Creatures (collateral kills)
  A worm (D:2)
1 creature vanquished.

Grand Total: 77 creatures vanquished

Notes
Turn   | Place    | Note
-------+----------+-------------------------------------------
     0 | D:1      | pokeman the Deep Elf Hedge Wizard began the quest for the
                  | Orb.
     0 | D:1      | Reached XP level 1. HP: 10/10 MP: 7/7
   419 | D:1      | Reached XP level 2. HP: 15/15 MP: 0/9
   525 | D:1      | Found Inuts's Magic Scroll Emporium.
  1736 | D:2      | Reached skill level 5 in Spellcasting
  1921 | D:2      | Reached XP level 3. HP: 20/20 MP: 9/11
  1925 | D:2      | Learned a level 3 spell: Mephitic Cloud
  1928 | D:2      | Learned a level 2 spell: Call Imp
  1931 | D:2      | Learned a level 2 spell: Blink
  2104 | D:2      | Found a sacrificial altar of Ru.
  2221 | D:2      | Reached skill level 1 in Armour
  2533 | D:2      | Reached skill level 1 in Fighting
  2681 | D:3      | Reached XP level 4. HP: 18/25 MP: 3/13
  3138 | D:3      | Found a runed translucent gate.
  3138 | D:3      | Found a runed translucent gate.
  3140 | D:3      | Found a runed translucent gate.
  3142 | D:3      | Noticed Sobieck's ghost (amateur SpEE)
  3720 | D:3      | Reached XP level 5. HP: 29/29 MP: 10/15
  3924 | D:4      | Reached skill level 6 in Spellcasting
  4158 | D:4      | Reached skill level 1 in Shields
  4508 | D:4      | Noticed Pikel
  4509 | D:4      | Noticed a lemure
  4524 | D:4      | Noticed a lemure
  4525 | D:4      | Noticed a lemure
  4526 | D:4      | Noticed a lemure
  4556 | D:4      | HP: 1/29 [lemure[Pikel] (6)]
  4566 | D:4      | Slain by a lemure

Illustrated notes

Levels and vault maps discovered:
D:1:      matt_arrival_spirals, layout_loops_corners, serial_shops, shop
D:2:      minmay_skewed_foursquare, layout_basic, basic_altar,
          patterned_corridor
D:3:      layout_loops_ring, ebering_ghost_rock_garden,
          kennysheep_generic_room_15
D:4:      layout_loops_ring, minitemple, minmay_temple_entry_hall, uniq_pikel

Skill      XL: |  1  2  3  4  5 |
---------------+----------------+-----
Spellcasting   | 5 6 |  6.6
Armour         | 1 |  1.0
Fighting       | 1 |  1.0
Conjurations   | 2 3 |  3.0
Dodging        | 3 |  3.0
Shields        | 1 |  1.1
Stealth        | 3 |  3.0
Summonings     | |  1.1
Translocations | |  1.1
Air Magic      | |  0.4
Poison Magic   | |  0.4

Action                     |  1- 3 |  4- 6 || total
---------------------------+-------+-------++-------
  Melee: Dagger            |       |    35 ||    35
   Cast: Magic Dart        |   117 |   102 ||   219
         Call Imp          |     1 |     3 ||     4
         Mephitic Cloud    |     1 |     7 ||     8
   Stab: Confused          |       |     4 ||     4
         Sleeping          |       |     1 ||     1
 Armour: Robe              |     8 |    12 ||    20
  Dodge: Dodged            |    19 |    49 ||    68

Table legend: (Time is in decaauts)
 A = Elapsed time spent in this place.
 B = Non-inter-level travel time spent in this place.
 C = Inter-level travel time spent in this place.
 D = Time resting spent in this place.
 E = Time spent auto-exploring this place.
 F = Levels seen in this place.
 G = Mean time per level.
                   A        B        C        D        E       F      G
               +--------+--------+--------+--------+--------+-----+--------+
         Total |   4565 |   4475 |     90 |     83 |   3846 |   4 | 1141.2 |
       Dungeon |   4565 |   4475 |     90 |     83 |   3846 |   4 | 1141.2 |
               +--------+--------+--------+--------+--------+-----+--------+

Top non-repeatable levels by time:
     D:1: 1531 daAuts
     D:3: 1251 daAuts
     D:2: 1137 daAuts
     D:4: 644 daAuts
